 Dungeon Crawl Stone Soup version 0.18.1-50-g88ac8fd (webtiles) character file.

38 khonsu the Magician (level 3, -3/21 HPs)
             Began as a High Elf Wizard on Sept 30, 2016.
             Killed from afar by Sigmund (9 damage)
             ... with a magic dart
             ... on level 2 of the Dungeon.
             The game lasted 00:19:41 (2181 turns).

khonsu the Magician (High Elf Wizard)               Turns: 2181, Time: 00:19:42

Health: -3/21      AC:  3    Str:  6    XL:     3   Next: 25%
Magic:  6/10       EV: 11    Int: 23    God:
Gold:   61         SH:  0    Dex: 13    Spells: 4 memorised, 2 levels left

rFire  . . .     SeeInvis .     (no weapon)
rCold  . . .     Gourm    .     l - +0 leather armour
rNeg   . . .     Faith    .     (no shield)
rPois  .         Spirit   .     b - +0 hat
rElec  .         Dismiss  .     (no cloak)
rCorr  .         Reflect  .     (no gloves)
SustAt .         Harm     .     (no boots)
MR     .....                    (no amulet)
Stlth  ++........               (no ring)
                                (no ring)

@: not resistant to hostile enchantments, unstealthy
A: no striking features
a: no special abilities


You were on level 2 of the Dungeon.
You were not hungry.

You visited 1 branch of the dungeon, and saw 3 of its levels.

You collected 61 gold pieces.

Inventory:

Missiles
 e - 68 stones (quivered)
 n - 33 poisoned needles
Armour
 a - a +0 robe
 b - a +0 hat (worn)
 l - a +0 leather armour (worn)
 t - a +0 leather armour
Jewellery
 f - a +5 ring of strength {unknown}
Scrolls
 j - a scroll of teleportation
 k - 2 scrolls of blinking {unknown}
 o - a scroll of magic mapping {unknown}
 s - a scroll of remove curse {unknown}
 v - a scroll of identify {unknown}
 w - a scroll of amnesia {unknown}
Potions
 g - a potion of curing {unknown}
 h - 2 potions of degeneration {unknown}
 m - a potion of beneficial mutation {unknown}
 p - a potion of heal wounds {unknown}
 q - a potion of brilliance {unknown}
 u - a potion of cure mutation {unknown}
Books
 c - a book of Minor Magic

   Spells                             Type                      Level
   a - Magic Dart                     Conjuration                  1
   b - Blink                          Translocation                2
   c - Call Imp                       Summoning                    2
   d - Repel Missiles                 Charms/Air                   2
   e - Slow                           Hexes                        2
   f - Conjure Flame                  Conjuration/Fire             3
   g - Mephitic Cloud                 Conjuration/Poison/Air       3
Comestibles
 d - 2 bread rations
 i - 3 chunks of flesh
 r - a beef jerky


   Skills:
 + Level 0.8 Armour
 + Level 2.3 Dodging
 + Level 2.3 Stealth
 + Level 4.5 Spellcasting
 + Level 1.4 Conjurations
 + Level 0.8 Summonings
   Level 1.1 Translocations


You had 2 spell levels left.
You knew the following spells:

 Your Spells              Type           Power        Failure   Level  Hunger
a - Magic Dart            Conj           ##..         10%         1    None
b - Mephitic Cloud        Conj/Pois/Air  #.......     38%         3    ##.....
c - Conjure Flame         Conj/Fire      #.......     38%         3    ##.....
d - Call Imp              Summ           #.......     21%         2    None


Dungeon Overview and Level Annotations

Branches:
Dungeon (3/15)

Altars:
Dithmenos
Ru

Annotations:
D:2 Ijyb, Sigmund


Message History

The puff of flame hits you!
Casting: Magic Dart
Confirm with . or Enter, or press ? or * to list all spells.
Aiming: Magic Dart
Press: ? - help, Shift-Dir - straight line, f/p - Sigmund
Aim: Sigmund, wielding a scythe and wearing a robe (lightly wounded)
The magic dart hits Sigmund.
Sigmund is lightly wounded.
Sigmund zaps a wand.
The puff of flame hits you!
* * * LOW HITPOINT WARNING * * *
It is a wand of flame.
Press: ? - help, v - describe, . - travel
Here: Sigmund, wielding a scythe, wearing a robe and carrying a wand of flame {zapped: 1} (lightly wounded)
The floor.
Casting: Magic Dart
Confirm with . or Enter, or press ? or * to list all spells.
A beastly little devil appears in a puff of flame.
Sigmund gestures at you while chanting. The magic dart hits you!
You die...

..........# .....######
.....# #. ...### ##'#
...# ##...## .###
##.....## ..##
##.......## #
...####.........####....
......'.........@.....@.
...####.........####....
..## #......5## # .#.#
##.....## ..## ##...##
.## ##'## .# ### #.#
.######.###.###
..#....#......#


You could see Sigmund and a friendly crimson imp.

Vanquished Creatures
  An adder (D:2)
  2 giant geckos (D:2)
  A ball python (D:1)
  2 giant cockroaches (D:1)
  2 goblins
  A hobgoblin (D:2)
  4 kobolds (D:2)
  7 bats
  2 giant newts
  5 rats
27 creatures vanquished.

Notes
Turn   | Place    | Note
--------------------------------------------------------------
     0 | D:1      | khonsu the High Elf Wizard began the quest for the Orb.
     0 | D:1      | Reached XP level 1. HP: 11/11 MP: 6/6
   501 | D:1      | Reached skill level 4 in Spellcasting
   530 | D:1      | Reached XP level 2. HP: 9/17 MP: 1/8
  1796 | D:2      | Reached XP level 3. HP: 16/21 MP: 3/9
  1823 | D:2      | Learned a level 3 spell: Mephitic Cloud
  1827 | D:2      | Learned a level 3 spell: Conjure Flame
  1830 | D:2      | Learned a level 2 spell: Call Imp
  1841 | D:2      | Found a shadowy altar of Dithmenos.
  1844 | D:2      | Found a sacrificial altar of Ru.
  1845 | D:2      | Noticed Ijyb
  2178 | D:2      | Noticed Sigmund
  2181 | D:2      | Killed from afar by Sigmund

Skill      XL: |  1 |
---------------+----+-----
Spellcasting   | 4 |  4.5
Armour         | |  0.8
Dodging        | |  2.3
Stealth        | |  2.3
Conjurations   | |  1.4
Summonings     | |  0.8
Translocations | |  1.1

Action                   || total
-------------------------++-------
Melee: Unarmed           ||    18
Throw: Stone             ||     4
 Cast: Magic Dart        ||    65
       Call Imp          ||     1
  Use: Scroll            ||     2
  Eat: Meat ration       ||     1
Armor: Leather armour    ||     3
Dodge: Dodged            ||    23
